Get step-by-step instructions on how to execute this build order below. Start the game timer, and the build order will tick by so you can play in parallel with StarCraft on a second screen or mobile device.

Game Time

  0:00

Last Step

  N/A

Next Step

  12  0:00  SCV  

Upcoming Step

  13  0:13  SCV  

Don't want to look back and forth between 2 screens? Try out our Overwolf App, the Spawning Tool Build Advisor to get an in-game overlay with this build!

Complete Build Order

  12  0:00  SCV  
  13  0:13  SCV  
  14  0:17  Supply Depot  
  14  0:25  SCV  
  15  0:39  SCV  
  15  0:40  Barracks  
  16  0:45  Refinery  
  16  0:51  SCV  
  17  1:03  SCV  
  18  1:15  SCV  
  19  1:27  Reaper  
  19  1:28  Orbital Command  
  20  1:40  Command Center  
  20  1:47  Supply Depot  
  20  1:53  SCV  
  21  1:59  Marine  
  22  2:06  SCV  
  23  2:09  Factory  
  23  2:15  Refinery  
  23  2:22  Engineering Bay  
  23  2:23  Barracks Reactor  
  23  2:41  SCV  
  24  2:55  SCV, Orbital Command  
  24  2:57  Starport  
  25  3:07  SCV  
  25  3:09  Hellion x2  
  25  3:11  Barracks Tech Lab  
  30  3:19  Supply Depot  
  30  3:20  SCV x2  
  32  3:32  SCV x2  
  34  3:36  Hellion x2  
  38  3:44  SCV x2  
  39  3:49  Viking  
  41  3:56  Supply Depot  
  41  4:03  Stimpack  
  41  4:10  Marine  
  41  4:11  SCV x2  
  41  4:12  Factory Reactor  
  41  4:15  Barracks  
  44  4:20  Barracks  
  44  4:23  SCV x2  
  46  4:35  Starport Reactor  
  46  4:36  Marine  
  46  4:37  SCV  
  48  4:41  Command Center  
  48  4:43  SCV  
  49  4:49  SCV  
  50  4:54  Marine  
  50  4:57  SCV  
  52  5:01  SCV  
  52  5:05  Supply Depot  
  52  5:06  Supply Depot  
  53  5:09  Marine x2, SCV  
  53  5:11  Factory Tech Lab  
  53  5:12  Marine  
  53  5:14  SCV  
  58  5:16  Marine x2, Medivac  
  62  5:26  Engineering Bay  
  62  5:27  Marine, Medivac, Refinery, Engineering Bay  
  65  5:29  Marine x2  
  65  5:30  Refinery  
  65  5:32  Siege Tank  
  65  5:33  Marine  
  71  5:39  Marine  
  71  5:40  SCV x2  
  74  5:45  Marine  
  75  5:50  Marine x2, Supply Depot  
  75  5:51  Marine, Supply Depot  
  75  5:52  SCV, Combat Shield  
  71  6:25  Marine x2, Siege Tank  
  71  6:26  Marine x3, Medivac  
  71  6:27  Medivac  
  72  6:43  Marine x5  
  76  7:01  Supply Depot x2  
  73  7:02  Supply Depot  
  73  7:03  Marine x5, Supply Depot